 Dungeon Crawl Stone Soup version 0.18.1-48-g4cf74bf (webtiles) character file.

6443 saintsgambit the Cruncher (level 10, -3/65 HPs)
             Began as a Gargoyle Gladiator on June 30, 2016.
             Was an Elder of Okawaru.
             Slain by a wolf (4 damage)
             ... led by Grum
             ... on level 9 of the Dungeon.
             The game lasted 00:35:12 (6941 turns).

saintsgambit the Cruncher (Gargoyle Gladiator)      Turns: 6941, Time: 00:35:12

Health: -3/65      AC: 22    Str: 22    XL:     10   Next: 99%
Magic:  9/10       EV: 13    Int:  8    God:    Okawaru [****..]
Gold:   514        SH:  0    Dex: 11    Spells: 0 memorised, 9 levels left

rFire  . . .     SeeInvis .     a - +0 quarterstaff
rCold  . . .     Gourm    .     G - +0 chain mail
rNeg   + . .     Faith    .     (shield currently unavailable)
rPois  ∞         Spirit   .     B - +2 helmet
rElec  +         Dismiss  .     (no cloak)
rCorr  .         Reflect  .     I - +0 pair of gloves
SustAt .         Harm     .     u - +0 pair of boots
MR     .....                    (no amulet)
Stlth  ..........               (no ring)
                                (no ring)

@: heroism, corroded, not resistant to hostile enchantments, extremely
unstealthy
A: negative energy resistance 1, electricity resistance, unbreathing,
petrification resistance, rot immunity, AC +7
a: Heroism, Renounce Religion


You were on level 9 of the Dungeon.
You worshipped Okawaru.
Okawaru was greatly pleased with you.
You were very hungry.

You visited 1 branch of the dungeon, and saw 9 of its levels.

You collected 514 gold pieces.

Inventory:

Hand Weapons
 a - a +0 quarterstaff (weapon)
 n - a +2 dagger of freezing
 E - a +5 war axe
 M - a +0 quarterstaff
Missiles
 p - 3 poisoned javelins (quivered)
 T - 3 steel javelins
Armour
 b - a +0 leather armour
 c - a +0 helmet
 u - a +0 pair of boots (worn)
 v - a +0 large shield
 B - a +2 helmet (worn)
 G - a +0 chain mail (worn)
 I - a +0 pair of gloves (worn)
Jewellery
 e - a cursed -2 ring of evasion {unknown}
 C - an uncursed ring of protection from cold
 Q - an uncursed ring of stealth {unknown}
 U - an uncursed amulet of the gourmand {unknown}
Wands
 d - a wand of random effects (27/48)
 y - a wand of digging (7/24)
 A - a wand of flame (19/48)
 K - a wand of flame (31/48)
 O - a wand of iceblast (8/15)
 P - a wand of acid (3/15)
 V - a wand of lightning (11/15)
Scrolls
 g - 5 scrolls of identify
 l - 2 scrolls of fear {unknown}
 m - 4 scrolls of fog {unknown}
 s - 2 scrolls of remove curse {unknown}
 t - 3 scrolls of enchant weapon {unknown}
 x - 3 scrolls of enchant armour {unknown}
 H - a scroll of blinking {unknown}
 L - a scroll of vulnerability {unknown}
 R - 2 scrolls of holy word {unknown}
Potions
 h - 5 potions of curing
 i - 3 potions of might
 j - 5 potions of brilliance
 k - a potion of cancellation {unknown}
 r - a potion of resistance
 w - 2 potions of magic {unknown}
 z - a potion of haste
 D - 2 potions of heal wounds
Books
 J - a book of the Earth

   Spells                             Type                      Level
   a - Leda's Liquefaction            Hexes/Earth                  4
   b - Bolt of Magma                  Conjuration/Fire/Earth       5
   c - Statue Form                    Transmutation/Earth          6
   d - Iron Shot                      Conjuration/Earth            6
   e - Shatter                        Earth                        9
 S - a book of Debilitation

   Spells                             Type                      Level
   a - Corona                         Hexes                        1
   b - Slow                           Hexes                        2
   c - Gell's Gravitas                Hexes/Translocation          3
   d - Inner Flame                    Hexes/Fire                   3
   e - Cause Fear                     Hexes                        4
   f - Leda's Liquefaction            Hexes/Earth                  4
Comestibles
 f - 7 bread rations
 o - 5 beef jerkies
 q - a meat ration
 F - 6 fruits
 N - 9 slices of pizza


   Skills:
 + Level 8.6(13.6) Fighting
 + Level 10.4(15.4) Staves
 + Level 2.6(7.6) Throwing
 + Level 7.2(12.2) Armour
 + Level 6.7(11.7) Dodging
 + Level 1.2(6.2) Stealth
 + Level 0.7 Invocations
 + Level 0.1 Evocations


You had 9 spell levels left.
You didn't know any spells.

Dungeon Overview and Level Annotations

Branches:
Dungeon (9/15)             Temple (0/1) D:7            Lair (0/8) D:8
    Orc: D:9-12

Altars:
Ashenzari
Cheibriados
Elyvilon
Fedhas
Makhleb
Nemelex Xobeh
Okawaru
Ru
Sif Muna
Trog
Vehumet
The Shining One

Shops:
D:6 *

Annotations:
D:9 Grum


Innate Abilities, Weirdness & Mutations

You are resistant to torment.
Your stone body is resilient (AC +7).
You are immune to poison.
You resist negative energy.
You are resistant to electric shocks.
You can survive without breathing.
You are immune to petrification.
You are immune to rotting.


Message History

The wolf closely misses you. Grum hits you from afar with a spear.
The jelly hits you but does no damage.
You hit the jelly.
Your hands burn!
* * * LOW HITPOINT WARNING * * *
The jelly is heavily wounded.
The wolf bites you.
* * * LOW HITPOINT WARNING * * *
You thump the jelly!
You kill the jelly!
Okawaru accepts your kill. Grum hits you from afar with a spear.
* * * LOW HITPOINT WARNING * * *
You hit the wolf.
The wolf is lightly wounded.
The wolf closely misses you. The wolf bites you.
* * * LOW HITPOINT WARNING * * *
Grum hits you from afar with a spear.
* * * LOW HITPOINT WARNING * * *
You hit the wolf but do no damage. The wolf bites you.
You die...

#......†....#. #.
#.####...#..#. #.
#.#.........#. #.
#.#.#..####### #.
#.#.#.(# #. #.#..#.#
#. ###...###
#.####≈≈).†≈≈#
#h@..#≈..♣..≈##
.....gh##..........##
......O #...♣._.♣...#
.(..... #...........#
.......
###≈..♣..≈#.####
.......
#≈≈...≈≈#.....
.......
###...########
......! ##.#.. #...#


You could see Grum, an ogre and 2 wolves.

Vanquished Creatures
  An unseen horror (D:8)
  Pikel (D:7)
  Joseph (D:7)
  Psyche (D:8)
  A troll (D:9)
  A two-headed ogre (D:9)
  A human (D:7)
  Sigmund (D:3)
  A hog (D:7)
  Duvessa (D:7)
  A water moccasin (D:8)
  An ice beast (D:6)
  3 black bears
  2 sky beasts
  2 ogres
  3 phantoms
  An orc warrior (D:8)
  2 wolves (D:9)
  3 centaurs (D:8)
  Blork the orc (D:4)
  4 giant frogs
  Dowan (D:7)
  A wyvern skeleton (D:7)
  2 jellies
  3 scorpions
  3 wights (D:9)
  6 crimson imps
  A howler monkey (D:7)
  A giant frog zombie (D:9)
  A quasit (D:8)
  4 hounds
  3 orc priests
  A centaur skeleton (D:7)
  3 giant frog skeletons
  An iguana (D:6)
  11 orc wizards
  6 worker ants
  Natasha (thrice) (D:2 D:3)
  A hell rat (D:7)
  3 sheep (D:7)
  Robin (D:2)
  3 gnolls (D:5)
  10 adders
  4 river rats (D:7)
  2 shadow imps
  An ooze (D:5)
  4 adder skeletons
  2 worms
  5 dart slugs
  11 giant geckos
  31 orcs
  A ball python (D:3)
  3 giant cockroaches
  14 goblins
  9 hobgoblins
  7 quokkas
  6 bats
  A giant gecko skeleton (D:6)
  2 giant newts
  8 kobolds
  A quokka skeleton (D:3)
  30 rats
244 creatures vanquished.

Vanquished Creatures (others)
  3 slaves (D:7)
  An ogre (D:7)
  A necrophage (D:7)
  A centaur (D:7)
  A worker ant (D:7)
  An orc wizard (D:7)
  An adder (D:7)
  A shadow imp (D:7)
  An adder zombie (D:7)
  2 orcs (D:7)
  A quokka (D:9)
14 creatures vanquished.

Grand Total: 258 creatures vanquished

Notes
Turn   | Place    | Note
--------------------------------------------------------------
     0 | D:1      | saintsgambit the Gargoyle Gladiator began the quest for the Orb.
     0 | D:1      | Reached XP level 1. HP: 12/12 MP: 1/1
   122 | D:1      | Reached XP level 2. HP: 18/18 MP: 2/2
   399 | D:1      | Reached XP level 3. HP: 22/22 MP: 3/3
   608 | D:2      | Noticed Natasha
   636 | D:2      | Killed Natasha
   636 | D:2      | Reached XP level 4. HP: 2/27 MP: 4/4
   988 | D:2      | Noticed Natasha
  1000 | D:2      | Reached skill level 1 in Armour
  1010 | D:2      | Killed Natasha
  1010 | D:2      | Reached skill level 4 in Staves
  1115 | D:2      | Found a burning altar of Makhleb.
  1130 | D:2      | Reached XP level 5. HP: 24/32 MP: 5/5
  1166 | D:2      | Found a glowing golden altar of the Shining One.
  1213 | D:2      | Noticed Robin
  1222 | D:2      | Killed Robin
  1331 | D:2      | Found a faded altar to an unknown god.
  1520 | D:3      | Noticed Natasha
  1528 | D:3      | Killed Natasha
  1633 | D:3      | Reached XP level 6. HP: 37/37 MP: 6/6
  1704 | D:3      | Noticed Sigmund
  1719 | D:3      | Killed Sigmund
  1744 | D:3      | Found a deep blue altar of Sif Muna.
  1744 | D:3      | Found a sparkling altar of Nemelex Xobeh.
  1800 | D:3      | Reached XP level 7. HP: 36/42 MP: 7/7
  1994 | D:3      | Found a snail-covered altar of Cheibriados.
  2047 | D:4      | HP: 2/42 [something/puff of flame (5)]
  2285 | D:4      | Noticed Blork the orc
  2676 | D:4      | Found a radiant altar of Vehumet.
  2771 | D:4      | Reached skill level 5 in Staves
  2990 | D:4      | Killed Blork the orc
  3096 | D:5      | Entered Level 5 of the Dungeon
  3127 | D:5      | Reached XP level 8. HP: 38/48 MP: 8/8
  3153 | D:5      | Reached skill level 5 in Dodging
  3427 | D:5      | Reached skill level 6 in Staves
  3790 | D:5      | Found an iron altar of Okawaru.
  3798 | D:5      | Became a worshipper of Warmaster Okawaru
  4013 | D:5      | Reached skill level 5 in Fighting
  4198 | D:6      | Found Wodda's General Store.
  4243 | D:6      | Reached * piety under Okawaru
  4435 | D:6      | Reached skill level 7 in Staves
  4435 | D:6      | Reached XP level 9. HP: 34/54 MP: 9/9
  4610 | D:7      | Noticed Pikel
  4615 | D:7      | Noticed Duvessa
  4616 | D:7      | Noticed Dowan
  4634 | D:7      | Killed Duvessa
  4667 | D:7      | Found a radiant altar of Vehumet.
  4674 | D:7      | Reached skill level 5 in Armour
  4684 | D:7      | Killed Pikel
  4704 | D:7      | Killed Dowan
  4704 | D:7      | Reached skill level 8 in Staves
  4799 | D:7      | Noticed Joseph
  4815 | D:7      | Killed Joseph
  4815 | D:7      | Reached ** piety under Okawaru
  4815 | D:7      | Reached skill level 1 in Stealth
  4902 | D:7      | Found a staircase to the Ecumenical Temple.
  5299 | D:7      | Reached skill level 9 in Staves
  5299 | D:7      | Reached XP level 10. HP: 49/61 MP: 10/10
  5407 | D:7      | Found a sacrificial altar of Ru.
  5629 | D:8      | Found a staircase to the Lair.
  5638 | D:8      | Noticed Psyche
  5650 | D:8      | Killed Psyche
  5650 | D:8      | Reached *** piety under Okawaru
  6024 | D:8      | Killed an unseen horror
  6024 | D:8      | Received a gift from Okawaru
  6069 | D:8      | Found a shattered altar of Ashenzari.
  6119 | D:8      | Found a blossoming altar of Fedhas.
  6231 | D:8      | Found a bloodstained altar of Trog.
  6400 | D:9      | Reached skill level 10 in Staves
  6814 | D:9      | Found a white marble altar of Elyvilon.
  6843 | D:9      | Reached **** piety under Okawaru
  6900 | D:9      | Noticed Grum
  6940 | D:9      | HP: 1/65 [Grum/spear (5)]
  6941 | D:9      | Slain by a wolf

Skill      XL: |  1  2  3  4  5  6  7  8  9 10 |
---------------+-------------------------------+-----
Armour         | 1 2 4 5 7 |  7.2
Staves         | 4 5 7 9 10 | 10.4
Throwing       | 2 |  2.6
Dodging        | 3 4 5 6 |  6.7
Fighting       | 3 4 5 6 8 |  8.6
Stealth        | 1 |  1.2
Invocations    | |  0.7
Evocations     | |  0.1

Action                   |  1- 3 |  4- 6 |  7- 9 | 10-12 || total
-------------------------+-------+-------+-------+-------++-------
Melee: Quarterstaff      |    98 |   168 |   671 |   320 ||  1257
Throw: Throwing net      |     4 |     5 |       |       ||     9
       Javelin           |       |       |     4 |     1 ||     5
Invok: Heroism           |       |       |     5 |     3 ||     8
Evoke: Wand              |       |       |     2 |       ||     2
  Use: Scroll            |       |     1 |     5 |       ||     6
       Potion            |       |       |     3 |       ||     3
 Stab: Held in net/web   |     1 |     1 |       |       ||     2
  Eat: Chunk             |       |     3 |     3 |     1 ||     7
       Meat ration       |       |       |     1 |       ||     1
       Bread ration      |       |       |     1 |     1 ||     2
Armor: Leather armour    |    32 |    66 |    68 |       ||   166
       Chain mail        |       |       |   351 |   185 ||   536
Dodge: Dodged            |    63 |   124 |   309 |   125 ||   621
